 Dungeon Crawl Stone Soup version 0.27-a0-1101-ge311f74bc8 (console) character file.

Game seed: 1534672281581111338

11569 nht the Archer (level 11, -18/68 HPs)
             Began as a Demonspawn Venom Mage on Apr 28, 2021.
             Was an Elder of Okawaru.
             Blown up by a lich (60 damage)
             ... with a wavering orb of destruction
             ... on level 10 of the Dungeon.
             The game lasted 00:22:01 (13060 turns).

nht the Archer (Demonspawn Venom Mage)             Turns: 13060, Time: 00:22:03

Health: -18/68     AC: 13    Str: 20    XL:     11   Next: 51%
Magic:  18/18      EV: 16    Int: 21    God:    Okawaru [****..]
Gold:   64         SH:  0    Dex: 13    Spells: 3/15 levels left

rFire    + . .     SeeInvis .   e - +8 storm bow {elec, penet}
rCold    . . .     Faith    .   (shield currently unavailable)
rNeg     . . .     Spirit   .   b - +3 scale mail "Xoituzogh" {rPois Str+7}
rPois    +         Reflect  .   k - +0 helmet
rElec    +         Harm     .   x - +1 cloak
rCorr    .         Rampage  .   (no gloves)
Will     .....                  (no boots)
Stlth    ++........             z - amulet of magic regeneration
HPRegen  0.21/turn              y - ring of the Fifty Wars {rC+ EV+4}
MPRegen  0.57/turn              D - ring "Inyafet" {Fire rElec Will- Str+3 Slay+5}

@: about to teleport, heroic
A: talons 1, ignite blood 2, magic regeneration, big brain 1
a: Renounce Religion, Heroism


You were on level 10 of the Dungeon.
You worshipped Okawaru.
Okawaru was greatly pleased with you.
You visited 2 branches of the dungeon, and saw 11 of its levels.

You collected 560 gold pieces.
You spent 496 gold pieces at shops.

Inventory:

Hand Weapons
 e - the +8 storm bow (weapon) {elec, penet}
   (You found it on level 7 of the Dungeon)

   It charges the ammunition it shoots with electricity; occasionally upon a
   hit, such missiles may discharge and cause terrible harm.
   Ammo fired by it passes through the targets it hits, potentially hitting all
   targets in its path until it reaches maximum range.
 p - a +3 dagger of speed
 F - the +8 mithril axe "Arga" {speed, Will+}
   (You took it off an orc warrior on level 7 of the Dungeon)

   Attacks with this weapon are significantly faster.
   It increases your willpower.
Missiles
 a - 356 arrows (quivered ammo)
 h - 6 datura-tipped darts
 j - 2 atropa-tipped darts
 n - 65 poisoned darts
 s - 4 throwing nets
Armour
 b - the +3 scale mail "Xoituzogh" (worn) {rPois Str+7}
   (You found it on level 5 of the Dungeon)

   It affects your strength (+7).
   It protects you from poison.
 k - a +0 helmet (worn)
 x - a +1 cloak (worn)
 A - +0 swamp dragon scales
Jewellery
 c - a ring of magical power
 o - a ring of see invisible
 t - a ring of poison resistance
 v - a ring of fire
 y - the ring of the Fifty Wars (left hand) {rC+ EV+4}
   (You found it on level 8 of the Dungeon)

   [ring of evasion]

   It affects your evasion (+4).
   It protects you from cold.
 z - an amulet of magic regeneration (around neck)
 D - the ring "Inyafet" (right hand) {Fire rElec Will- Str+3 Slay+5}
   (You took it off an orc on level 7 of the Dungeon)

   [ring of fire]

   It enhances your fire magic.
   It affects your strength (+3).
   It affects your accuracy and damage with ranged weapons and melee attacks
   (+5).
   It protects you from fire.
   It makes you vulnerable to cold.
   It insulates you from electricity.
   It decreases your willpower.
 H - a ring of protection from cold
Wands
 r - a wand of flame (16)
 B - a wand of paralysis (8)
 C - a wand of iceblast (18)
Scrolls
 l - 3 scrolls of magic mapping
 m - a scroll of teleportation
 w - 3 scrolls of identify
 E - 2 scrolls of amnesia
 I - a scroll of fog
Potions
 d - 2 potions of invisibility
 f - 2 potions of curing
 g - a potion of magic
 i - 2 potions of flight
 u - a potion of brilliance
 G - 3 potions of lignification
Miscellaneous
 q - a lightning rod (4/4)


   Skills:
 * Level 11.9(16.9) Bows
 - Level 1.7(6.7) Dodging
 - Level 1.7(6.7) Stealth
 - Level 2.6 Spellcasting
 - Level 0.8 Transmutations
 - Level 10.5 Poison Magic
 + Level 9.9 Invocations


You had 3 spell levels left.
You knew the following spells:

 Your Spells              Type           Power      Damage    Failure   Level
a - Ignite Poison         Fire/Tmut/Pois 28%        N/A       24%         3
b - Poisonous Vapours     Pois/Air       48%        N/A       6%          2
c - Olgreb's Toxic Radia  Pois           46%        N/A       4%          4
d - Mephitic Cloud        Conj/Pois/Air  17%        N/A       26%         3

Your spell library contained the following spells:

 Spells                   Type           Power      Damage    Failure   Level
 Sting                    Tmut/Pois      100%       1d8       3%          1
 Corona                   Hex            2%         N/A       36%         1
 Foxfire                  Conj/Fire      16%        2x1d4     36%         1
 Ensorcelled Hibernation  Hex/Ice        4%         N/A       50%         2
 Searing Ray              Conj           4%         3d3       50%         2
 Static Discharge         Conj/Air       2%         N/A       50%         2
 Confusing Touch          Hex            2%         N/A       73%         3
 Conjure Flame            Conj/Fire      4%         6-21      73%         3
 Dazzling Flash           Conj/Hex       4%         N/A       73%         3
 Tukima's Dance           Hex            2%         N/A       73%         3
 Fulminant Prism          Conj/Hex       1%         3d6       98%         4
 Iskenderun's Mystic Bla  Conj/Tloc      2%         2d3       98%         4


Dungeon Overview and Level Annotations

Branches:
Dungeon (10/15)            Temple (1/1) D:6            Lair (0/6) D:9
    Orc: D:9-12

Altars:
Ashenzari
Cheibriados
Dithmenos
Elyvilon
Fedhas
Gozag
Hepliaklqana
Kikubaaqudgha
Makhleb
Nemelex Xobeh
Okawaru
Qazlal
Ru
Sif Muna
Trog
Uskayaw
Vehumet
Wu Jian
Xom
Yredelemnul
Zin
The Shining One

Shops:
D:2 [**?[   D:8 *   D:9 =   D:10 [

Annotations:
D:10 1 runed translucent door


Innate Abilities, Weirdness & Mutations

You have sharp toenails.
Your demonic aura often causes spilled blood to erupt in flames You regenerate magic rapidly.
You have an unusually large brain. (Int +2)


Message History

Ma3's ghost hits you but does no damage.
You shoot an arrow. The arrow pierces through ma3's ghost.
Ma3's ghost is severely damaged.
The arrow pierces through the skeletal warrior!
Lightning courses through the skeletal warrior!
The skeletal warrior is heavily damaged.
The skeletal warrior is engulfed in blazing flames.
You hear some strange, mumbled words.
Ma3's ghost is engulfed in blazing flames.
Ma3's ghost sprays you with burning goo.
The sticky flame hits you. You resist.
You are covered in liquid flames!
You shoot an arrow. The arrow pierces through ma3's ghost!!
You destroy ma3's ghost!
Okawaru is honoured by your kill.
The arrow pierces through the skeletal warrior!!
The skeletal warrior is almost destroyed.
You are covered in liquid flames!
As you read the scroll of teleportation, it crumbles to dust.
You feel strangely unstable.
You are covered in liquid flames!
The skeletal warrior is engulfed in blazing flames.
Unknown command.
You shoot an arrow.
The arrow pierces through the skeletal warrior!
You destroy the skeletal warrior!
Okawaru is honoured by your kill.
The arrow pierces through the skeletal warrior!
The skeletal warrior is heavily damaged.
You are covered in liquid flames!
Something conjures a glowing orb.
The skeletal warrior is engulfed in blazing flames.
An orb of destruction comes into view.
You shoot an arrow. The arrow barely misses the deep troll.
The arrow pierces through the skeletal warrior!
The skeletal warrior is almost destroyed.
Deactivating autopickup; reactivate with Ctrl-A.
The wavering orb of destruction hits you!!!
Ouch! That really hurt!
You die...

..'███████♣..♣.+...........██....
..██:..█8......█.................
..██.$)....█████..§..............
█..█████8.██.........██.█........
█....█8V..█..⌠.█.....██.█........
██.█████8.██.........██..████....
███CCzz...█████§.§..§...........
█████[$█8..C.♣.█§....███..█████'█
....██.██..♣zT{☼@........)......>
███..█)$...WV████████████....██..


████████████ █.)...█.. ██....█.. █..))█.. █....█.. █.))██.. █.█.██.. █.█..█..
You could see an ettin, a skeletal warrior, a deep troll, a vampire and a
wraith.

Vanquished Creatures
  The ghost of ma3 the Thaumaturge, a journeyman DjAE of Makhleb (D:10)
  Harold (D:7)
  A skeletal warrior (D:10)
  A necromancer (D:10)
  A gargoyle (D:7)
  Maggie (D:6)
  3 kobold demonologists (D:10)
  2 komodo dragons (D:9)
  A troll (D:9)
  A shadow (D:9)
  Sigmund (D:6)
  3 vampires
  2 basilisks (D:9)
  A steam dragon (D:9)
  2 wraiths
  12 yaks
  An acid dragon (D:6)
  7 orc warriors
  2 ice beasts
  2 sky beasts (D:7)
  3 black bears
  3 ogres
  4 centaurs
  2 phantoms
  2 kobold brigands
  A scorpion (D:5)
  A wyvern zombie (D:7)
  A water moccasin zombie (D:5)
  3 wights (D:8)
  5 killer bees (D:9)
  3 howler monkeys
  2 centaur zombies (D:7)
  A centaur skeleton (D:7)
  3 hounds
  A jelly (D:4)
  A gnoll shaman (D:10)
  7 orc priests
  2 bullfrog skeletons
  5 iguanas
  Jessica (D:2)
  8 orc wizards
  A hound skeleton (D:3)
  Robin (D:2)
  4 gnolls
  5 adders
  A shadow imp (D:7)
  A white imp (D:8)
  An adder skeleton (D:4)
  2 worms
  3 dart slugs
  20 orcs
  An endoplasm (D:1)
  4 giant cockroaches
  10 goblins
  3 hobgoblins
  6 jackals
  15 kobolds
  7 quokkas
  9 ball pythons
  8 bats
  A frilled lizard (D:2)
  24 rats
232 creatures vanquished.

Notes
Turn   | Place    | Note
-------+----------+-------------------------------------------
     0 | D:1      | nht the Demonspawn Venom Mage began the quest for the Orb.
     0 | D:1      | Reached XP level 1. HP: 13/13 MP: 3/3
   365 | D:1      | Gained mutation: You have an unusually large brain. (Int
                  | +2) [demonic ancestry]
   365 | D:1      | Reached XP level 2. HP: 15/19 MP: 5/5
   615 | D:1      | Learned a level 2 spell: Poisonous Vapours
  1084 | D:2      | Found a broken altar of Ashenzari.
  1108 | D:2      | Found Icieskol's General Store.
  1116 | D:2      | Bought a scroll of identify for 28 gold pieces
  1116 | D:2      | Bought 2 atropa-tipped darts for 16 gold pieces
  1171 | D:2      | Gained mutation: Your demonic aura sometimes causes spilled
                  | blood to erupt in flames [demonic ancestry]
  1171 | D:2      | Reached XP level 3. HP: 24/24 MP: 6/6
  1312 | D:2      | Found Utitirgh's General Store.
  1503 | D:2      | Noticed Jessica
  1512 | D:2      | Killed Jessica
  1513 | D:2      | Gained mutation: You regenerate magic rapidly. [demonic
                  | ancestry]
  1513 | D:2      | Reached XP level 4. HP: 30/30 MP: 7/7
  1543 | D:2      | Found Madisch's Antique Armour Shoppe.
  1704 | D:2      | Reached skill level 5 in Poison Magic
  1723 | D:2      | Found Opuequro's Armour Boutique.
  1723 | D:2      | Noticed Robin
  1749 | D:2      | Killed Robin
  2079 | D:2      | Found Raerarphuqe's Magic Scroll Shoppe.
  2083 | D:2      | Bought a scroll of identify for 24 gold pieces
  2117 | D:3      | Found a faded altar of an unknown god.
  2152 | D:2      | Reached XP level 5. HP: 9/35 MP: 8/8
  2158 | D:2      | Learned a level 4 spell: Olgreb's Toxic Radiance
  2484 | D:3      | Noticed a phantom
  3682 | D:4      | Reached XP level 6. HP: 41/41 MP: 9/9
  4069 | D:4      | HP: 1/41 [phantom (6)]
  4598 | D:5      | Entered Level 5 of the Dungeon
  4598 | D:5      | Found an ancient bone altar of Kikubaaqudgha.
  4624 | D:5      | Identified the +3 scale mail "Xoituzogh" {rPois Str+7}
  4643 | D:5      | Gained mutation: You have sharp toenails. [demonic
                  | ancestry]
  4643 | D:5      | Reached XP level 7. HP: 46/46 MP: 10/10
  4914 | D:5      | Noticed a yak
  4914 | D:5      | Noticed a yak
  4916 | D:5      | Noticed a yak
  4926 | D:5      | Killed a yak
  4926 | D:5      | Killed a yak
  4933 | D:5      | Killed a yak
  4934 | D:5      | Reached XP level 8. HP: 47/52 MP: 9/11
  4997 | D:5      | Identified the -5 cloak of Misanthropy {Str-3 Int+6}
  5031 | D:5      | Reached skill level 10 in Poison Magic
  5041 | D:5      | Learned a level 3 spell: Mephitic Cloud
  5349 | D:5      | You fall into a shaft and drop 2 floors!
  5349 | D:7      | Found the +8 storm bow {elec, penet}
  5353 | D:7      | Noticed a gargoyle
  5389 | D:7      | Reached skill level 1 in Bows
  5421 | D:6      | Reached skill level 2 in Bows
  6040 | D:5      | Found a shimmering altar of Xom.
  6040 | D:5      | Found a stormy altar of Qazlal.
  6122 | D:5      | Reached skill level 3 in Bows
  6661 | D:6      | Reached skill level 4 in Bows
  7174 | D:6      | Noticed Maggie
  7335 | D:6      | Reached XP level 9. HP: 48/57 MP: 13/13
  7345 | D:6      | Found a staircase to the Ecumenical Temple.
  7354 | Temple   | Entered the Ecumenical Temple
  7623 | Temple   | Became a worshipper of Warmaster Okawaru
  7692 | D:6      | Reached skill level 5 in Bows
  7756 | D:6      | Noticed Sigmund
  7762 | D:6      | Killed Sigmund
  8177 | D:6      | Killed Maggie
  8178 | D:6      | Reached skill level 6 in Bows
  8202 | D:6      | Learned a level 3 spell: Ignite Poison
  8272 | D:7      | Reached * piety under Okawaru
  8274 | D:7      | Reached skill level 7 in Bows
  8375 | D:7      | Noticed Harold
  8558 | D:7      | Reached skill level 1 in Invocations
  8778 | D:7      | Killed a gargoyle
  8779 | D:7      | Reached skill level 8 in Bows
  9078 | D:7      | Found a radiant altar of Vehumet.
  9208 | D:7      | Identified the ring "Inyafet" {Fire rElec Will- Str+3
                  | Slay+5}
  9262 | D:7      | Killed Harold
  9262 | D:7      | Reached ** piety under Okawaru
  9263 | D:7      | Reached skill level 5 in Invocations
  9263 | D:7      | Reached XP level 10. HP: 58/63 MP: 14/14
  9311 | D:7      | Reached skill level 9 in Bows
  9384 | D:7      | Identified Vehumet's Guide on Flamy Conjuration
 10104 | D:8      | Found a burning altar of Makhleb.
 10210 | D:8      | Found Muec's General Store.
 10218 | D:8      | Bought a potion of curing for 33 gold pieces
 10218 | D:8      | Bought a scroll of identify for 22 gold pieces
 10218 | D:8      | Bought a scroll of teleportation for 33 gold pieces
 10218 | D:8      | Bought a potion of curing for 33 gold pieces
 10417 | D:8      | Found a shadowy altar of Dithmenos.
 10543 | D:8      | Identified the ring of the Fifty Wars {rC+ EV+4}
 10799 | D:9      | Reached *** piety under Okawaru
 11036 | D:9      | Reached skill level 10 in Bows
 11170 | D:9      | Received a gift from Okawaru
 11232 | D:9      | Found Taxef's Jewellery Emporium.
 11360 | D:9      | Reached **** piety under Okawaru
 11443 | D:9      | Gained mutation: Your demonic aura often causes spilled
                  | blood to erupt in flames [demonic ancestry]
 11443 | D:9      | Reached XP level 11. HP: 68/68 MP: 17/17
 11482 | D:9      | Reached skill level 11 in Bows
 11482 | D:9      | Received a gift from Okawaru
 11592 | D:9      | Found a staircase to the Lair.
 11954 | D:2      | Bought a crude cloak for 199 gold pieces
 11954 | D:2      | Identified the -6 cloak "Zoibat" {Drain Str+7 Dex+8} (You
                  | bought it in a shop on level 2 of the Dungeon)
 12018 | D:2      | Bought a scroll of magic mapping for 42 gold pieces
 12018 | D:2      | Bought a scroll of fog for 24 gold pieces
 12018 | D:2      | Bought a scroll of magic mapping for 42 gold pieces
 12155 | D:10     | Entered Level 10 of the Dungeon
 12499 | D:10     | Received a gift from Okawaru
 12647 | D:10     | Found Batar's Armour Emporium.
 12740 | D:10     | Noticed ma3's ghost (journeyman DjAE)
 12740 | D:10     | Noticed a lich
 12742 | D:10     | Noticed a skeletal warrior
 12877 | D:10     | Found a runed translucent door.
 12878 | D:10     | Found a runed translucent door.
 12884 | D:10     | Noticed a necromancer
 12884 | D:10     | Noticed a deep troll
 12884 | D:10     | Noticed an ettin
 12886 | D:10     | Noticed a skeletal warrior
 13052 | D:10     | Killed a necromancer
 13057 | D:10     | Killed ma3's ghost
 13059 | D:10     | Killed a skeletal warrior
 13060 | D:10     | Blown up by a lich

Illustrated notes

Levels and vault maps discovered:
D:1:      mainiacjoe_arrival_reflecting_pool, layout_basic, minmay_tripent
D:2:      layout_basic, serial_shops, shop_fountains, shop, nicolae_shop_trees,
          shop, shop_statue, basic_altar, minivault_14, uniq_jessica, uniq_robin
D:3:      layout_rooms, serial_curves, eino_curves_04, eino_curves_04,
          basic_ecumenical_altar
D:4:      layout_layer_cave, minmay_rat_hole
D:5:      layout_basic, general_overflow_altar, lemuel_crystal_altar,
          gammafunk_temple_overflow_elements
D:6:      layout_loops_corners, temple_hall, gup_sewer_entry_bubbles,
          uniq_maggie, uniq_sigmund
D:7:      minmay_the_grid_four_pointed_star [minmay_the_grid_triangle_9x9_cache,
          minmay_the_grid_triangle_9x9_windchime,
          minmay_the_grid_triangle_9x9_zippers_vertical,
          minmay_the_grid_triangle_9x9_stretched_checkered,
          minmay_the_grid_prize_trominoes], layout_loops_ring,
          lemuel_tele_altar, kennysheep_doodads, uniq_harold
D:8:      layout_rooms, makhleb_blood_cavern_becter,
          nicolae_dithmenos_the_darkroom, serial_rivers,
          chequers_serial_rivers_small_b, chequers_serial_rivers_large_b,
          chequers_serial_rivers_micro_a, chequers_serial_rivers_micro_d,
          chequers_serial_rivers_small_b, chequers_serial_rivers_small_3,
          serial_shops, shop, st_stairs_3, grunt_decor_fettered
D:9:      layout_irregular_city, erik_lair_dragon,
          minmay_shop_enchanted_jewellery, minmay_misc_feat_five
D:10:     layout_basic, serial_shops, shop, muffindrake_ghost_dual_entry
Temple:   regret_index_temple_generic_petals

Skill      XL: |  1  2  3  4  5  6  7  8  9 10 11 |
---------------+----------------------------------+-----
Poison Magic   | 4 5 6 8 9 10 | 10.5
Bows           | 4 8 10 11 | 11.9
Invocations    | 5 8 9 |  9.9
Dodging        | |  1.7
Stealth        | |  1.7
Spellcasting   | |  2.6
Transmutations | |  0.8

Action                   |  1- 3 |  4- 6 |  7- 9 | 10-12 || total
-------------------------+-------+-------+-------+-------++-------
Melee: Unarmed           |     3 |     3 |       |       ||     6
       Spear             |       |    46 |    58 |       ||   104
       Kick              |       |       |    18 |       ||    18
 Fire: Longbow           |       |       |   100 |   170 ||   270
 Cast: Sting             |    46 |    66 |     4 |       ||   116
       Poisonous Vapours |     2 |    14 |     2 |       ||    18
       Olgreb's Toxic Ra |       |     3 |    15 |     1 ||    19
       Mephitic Cloud    |       |       |     1 |       ||     1
Invok: Heroism           |       |       |       |     1 ||     1
Evoke: Wand              |       |     5 |    10 |       ||    15
  Use: Scroll            |     1 |     9 |     8 |     5 ||    23
       Potion            |       |     1 |     3 |       ||     4
Armor: Robe              |     1 |    14 |       |       ||    15
       Scale mail        |       |       |    45 |    11 ||    56
Dodge: Dodged            |     4 |    54 |    55 |    24 ||   137

Table legend: (Time is in decaauts)
 A = Elapsed time spent in this place.
 B = Non-inter-level travel time spent in this place.
 C = Inter-level travel time spent in this place.
 D = Time resting spent in this place.
 E = Time spent auto-exploring this place.
 F = Levels seen in this place.
 G = Mean time per level.
                   A        B        C        D        E       F      G
               +--------+--------+--------+--------+--------+-----+--------+
         Total |  13198 |  12114 |   1084 |    122 |  10481 |  11 | 1199.8 |
       Dungeon |  12895 |  11846 |   1049 |    122 |  10216 |  10 | 1289.5 |
        Temple |    302 |    267 |     35 |      0 |    265 |   1 |  302.0 |
               +--------+--------+--------+--------+--------+-----+--------+

Top non-repeatable levels by time:
     D:7: 1705 daAuts
     D:4: 1634 daAuts
     D:5: 1620 daAuts
     D:2: 1562 daAuts
     D:6: 1491 daAuts
     D:9: 1056 daAuts
     D:8: 1054 daAuts
     D:1: 943 daAuts
     D:3: 921 daAuts
    D:10: 906 daAuts
  Temple: 302 daAuts
